 Dungeon Crawl Stone Soup version 0.22.0-38-g04b72b8 (webtiles) character file.

2832 poirepourri the Cleaver (level 9, -5/74 HPs)
             Began as a Deep Dwarf Fighter on Aug 28, 2018.
             Was a Follower of Makhleb.
             Slain by a yak (11 damage)
             ... on level 8 of the Dungeon.
             The game lasted 00:04:56 (4728 turns).

poirepourri the Cleaver (Deep Dwarf Fighter)        Turns: 4728, Time: 00:04:56

Health: -5/74      AC: 11    Str: 21    XL:     9   Next: 45%
Magic:  7/7        EV: 11    Int:  8    God:    Makhleb [*.....]
Gold:   128        SH: 11    Dex: 15    Spells: 8/8 levels left

rFire    + . .     SeeInvis +   a - +2 war axe
rCold    . . .     Gourm    .   c - +2 shield
rNeg     . . .     Faith    .   g - +2 chain mail {rF+}
rPois    .         Spirit   .   (no helmet)
rElec    .         Reflect  .   (no cloak)
rCorr    .         Harm     .   (no gloves)
MR       +....                  (no boots)
Stlth    ..........             d - amulet of rage
HPRegen  0.00/turn              j - +6 ring of evasion
MPRegen  0.10/turn              k - ring of see invisible

@: non-regenerating
A: damage resistance, heal wounds, sense surroundings 2, no regeneration
a: Heal Wounds, Renounce Religion, Evoke Berserk Rage


You were on level 8 of the Dungeon.
You worshipped Makhleb.
Makhleb was aware of your devotion.
You were not hungry.

You visited 2 branches of the dungeon, and saw 9 of its levels.

You collected 417 gold pieces.
You spent 289 gold pieces at shops.

Inventory:

Hand Weapons
 a - a +2 war axe (weapon)
 m - a +1 flail of protection
Missiles
 e - 78 bolts
 o - 6 javelins (quivered)
Armour
 c - a +2 shield (worn)
 g - a +2 chain mail of fire resistance (worn)
Jewellery
 d - an amulet of rage (around neck)
 j - a +6 ring of evasion (left hand)
 k - a ring of see invisible (right hand)
 r - an uncursed ring of protection from cold
Scrolls
 b - a scroll of amnesia
 i - 3 scrolls of teleportation
 q - 2 scrolls of fog
 s - a scroll of remove curse
Potions
 h - a potion of curing
 l - a potion of heal wounds
 n - 2 potions of brilliance
Comestibles
 f - 8 rations


   Skills:
 - Level 2.6 Fighting
 + Level 13.8 Axes
 - Level 3.2 Armour
 - Level 3.2 Shields


You had 8 spell levels left.
You didn't know any spells.
Your spell library was empty.

Dungeon Overview and Level Annotations

Branches:
Dungeon (8/15)             Temple (1/1) D:5
   Lair: D:8-11

Altars:
Cheibriados
Dithmenos
Elyvilon
Gozag
Hepliaklqana
Makhleb
Nemelex Xobeh
Okawaru
Qazlal
Ru
Sif Muna
Trog
Uskayaw
Zin
The Shining One

Shops:
D:4 %:*!   D:5 *   D:6 *:[*

Annotations:
D:2 1 runed door


Innate Abilities, Weirdness & Mutations

You are resistant to damage.
You can heal yourself by infusing magical energy.
You passively map the area around you.
You do not regenerate.


Message History

* * * LOW HITPOINT WARNING * * *
Things that are here:
a falchion; an orc corpse; a yak corpse You hit the yak.
The yak is lightly wounded.
You barely miss the yak.
The yak is lightly wounded.
You barely miss the yak. The yak closely misses you. The yak gores you!
* * * LOW HITPOINT WARNING * * *
You closely miss the yak.
The yak is lightly wounded.
Your shield and chain mail prevent you from hitting the yak.
The yak gores you!
* * * LOW HITPOINT WARNING * * *
You block the yak's attack.
You completely miss the yak.
The yak is lightly wounded.
Your shield and chain mail prevent you from hitting the yak.
The yak gores you!
You die...

, * , , * * ,, , ,
*,, , , * * ** .,
***, , ,, , , #. ,
##. , *##.#. *
.... ,, , #,....#*
*##..... .,..
...######Yoh# ,*
.....##.##...@Y# ,
...#........#### *
* ....##.#.#...# *
*
##.#.##...###....#
,* * .........##
###.., , * *
,#.#..#..# # * , ,
##.##.## * ***
#.##..#### ,
#........# * *


You could see 2 yaks, a hound and an orc.

Vanquished Creatures
  The ghost of Americanboy the Shield-Bearer, a novice MiFi of Okawaru (D:5)
  Grinder (D:5)
  2 yaks (D:8)
  Edmund (D:4)
  Duvessa (D:5)
  An ice beast (D:6)
  A necrophage (D:6)
  A phantom (D:4)
  An orc warrior (D:7)
  2 centaurs
  3 ogres
  4 bullfrogs
  Dowan (D:5)
  4 crimson imps
  A bullfrog zombie (D:7)
  2 jellies
  2 hounds
  A bullfrog skeleton (D:8)
  2 iguanas
  5 worker ants
  An orc wizard (D:7)
  10 adders
  2 shadow imps
  An ooze (D:1)
  4 worms
  A dart slug (D:4)
  5 leopard geckos
  18 orcs
  4 giant cockroaches
  7 goblins
  4 hobgoblins
  8 jackals
  4 kobolds
  3 quokkas
  2 ball pythons
  11 bats
  3 frilled lizards
  A jackal skeleton (D:6)
  A leopard gecko skeleton (D:5)
  A quokka skeleton (D:5)
  6 rats
134 creatures vanquished.

Notes
Turn   | Place    | Note
-------+----------+-------------------------------------------
     0 | D:1      | poirepourri the Deep Dwarf Fighter began the quest for the Orb.
     0 | D:1      | Reached XP level 1. HP: 20/20 MP: 1/1
    85 | D:1      | Reached skill level 3 in Axes
    85 | D:1      | Reached XP level 2. HP: 20/27 MP: 2/2
   452 | D:2      | Reached XP level 3. HP: 23/33 MP: 3/3
   469 | D:2      | Reached skill level 4 in Axes
   762 | D:2      | Found a runed door.
   988 | D:3      | Reached XP level 4. HP: 22/40 MP: 4/4
  1086 | D:3      | Found a hide-covered altar of Uskayaw.
  1110 | D:3      | Found a snail-covered altar of Cheibriados.
  1177 | D:3      | Reached skill level 5 in Axes
  1711 | D:4      | Noticed a centaur
  1724 | D:4      | Killed a centaur
  1724 | D:4      | Reached skill level 6 in Axes
  1724 | D:4      | Reached XP level 5. HP: 39/46 MP: 5/5
  1773 | D:4      | Noticed an ogre
  1784 | D:4      | Killed an ogre
  1784 | D:4      | Reached skill level 7 in Axes
  1784 | D:4      | Reached XP level 6. HP: 33/55 MP: 6/6
  1845 | D:4      | Noticed Edmund
  1863 | D:4      | Killed Edmund
  1863 | D:4      | Reached skill level 8 in Axes
  1873 | D:4      | Found Loofuirosy's Food Boutique.
  1880 | D:4      | Bought a ration for 70 gold pieces
  1880 | D:4      | Bought a ration for 70 gold pieces
  1935 | D:4      | Reached XP level 7. HP: 45/61 MP: 6/6
  2014 | D:4      | Found Naetyth's Distillery.
  2037 | D:4      | Found Seoneorod's Book Boutique.
  2107 | D:4      | Found Pomeucid's Assorted Antiques.
  2215 | D:5      | Entered Level 5 of the Dungeon
  2219 | D:5      | Found a burning altar of Makhleb.
  2225 | D:5      | Became a worshipper of Makhleb the Destroyer
  2240 | D:5      | Reached skill level 9 in Axes
  2254 | D:5      | Found a staircase to the Ecumenical Temple.
  2275 | D:5      | Found Umosir Vaage's General Store.
  2311 | Temple   | Entered the Ecumenical Temple
  2420 | D:5      | Noticed Grinder
  2420 | D:5      | Found a shadowy altar of Dithmenos.
  2444 | D:5      | Killed Grinder
  2505 | D:5      | Found a glowing golden altar of the Shining One.
  2505 | D:5      | Found a white marble altar of Elyvilon.
  2514 | D:5      | Found a glowing silver altar of Zin.
  2534 | D:5      | Noticed Americanboy's ghost (novice MiFi)
  2535 | D:5      | Found a runed door.
  2592 | D:5      | Noticed Duvessa
  2594 | D:5      | Noticed Dowan
  2634 | D:5      | Killed Americanboy's ghost
  2634 | D:5      | Reached skill level 10 in Axes
  2634 | D:5      | Reached XP level 8. HP: 58/68 MP: 6/6
  2637 | D:5      | Reached skill level 11 in Axes
  2644 | D:5      | Killed Duvessa
  2666 | D:5      | Killed Dowan
  2990 | D:5      | Found a bloodstained altar of Trog.
  3013 | D:5      | Found an opulent altar of Gozag.
  3255 | D:6      | Found an iron altar of Okawaru.
  3292 | D:6      | Reached skill level 12 in Axes
  3438 | D:6      | Found Raquy's Book Shop.
  3638 | D:6      | Found Ocomiq's Antique Armour Boutique.
  3696 | D:6      | Found Yruoff's General Store.
  3753 | D:6      | Found Uzeiler's General Store.
  3777 | D:6      | Bought a +0 chain mail of fire resistance for 149 gold pieces
  4005 | D:7      | Gained mutation: You passively map the area around you. [Deep Dwarf growth]
  4005 | D:7      | Reached XP level 9. HP: 34/74 MP: 7/7
  4136 | D:7      | Reached skill level 13 in Axes
  4192 | D:7      | Reached * piety under Makhleb
  4728 | D:8      | Slain by a yak

Skill      XL: |  1  2  3  4  5  6  7  8  9 |
---------------+----------------------------+-----
Axes           | 3 4 6 7 8 10 12 13 | 13.8
Fighting       | |  2.6
Armour         | |  3.2
Shields        | |  3.2

Action                   |  1- 3 |  4- 6 |  7- 9 || total
-------------------------+-------+-------+-------++-------
Melee: War axe           |    93 |   160 |   292 ||   545
 Abil: Heal Wounds       |     1 |     2 |     2 ||     5
  Use: Scroll            |     2 |     5 |    10 ||    17
       Potion            |       |     2 |     9 ||    11
  Eat: Ration            |       |     1 |     3 ||     4
       Chunk             |       |       |     1 ||     1
Armor: Scale mail        |    52 |    31 |    28 ||   111
       Chain mail        |       |       |    22 ||    22
Dodge: Dodged            |    35 |    63 |   114 ||   212
Block: Shield            |    62 |    87 |   117 ||   266
